 Dungeon Crawl Stone Soup version 0.21-a0-401-g0b6bec4 (webtiles) character file.

2172 riteheju the Slicer (level 9, -11/45 HPs)
             Began as a Spriggan Assassin on Oct 25, 2017.
             Killed by divine providence
             ... invoked by an orc priest
              (12 damage)
             ... on level 6 of the Dungeon.
             The game lasted 00:28:36 (6098 turns).

riteheju the Slicer (Spriggan Assassin)             Turns: 6098, Time: 00:28:36

Health: -11/45     AC:  3    Str:  7    XL:     9   Next: 11%
Magic:  11/11      EV: 22    Int: 12    God:
Gold:   320        SH:  0    Dex: 21    Spells: 10/10 levels left

rFire    . . .     SeeInvis +   l - +3 dagger (flame)
rCold    . . .     Gourm    .   (shield restricted)
rNeg     . . .     Faith    .   c - +0 robe
rPois    .         Spirit   .   (helmet restricted)
rElec    .         Reflect  .   d - +0 cloak
rCorr    .         Harm     .   (gloves unavailable)
MR       +....                  (boots unavailable)
Stlth    +++++.....             x - amulet of rage
HPRegen  0.15/turn              (no ring)
MPRegen  0.12/turn              (no ring)

@: very quick
A: unfitting armour, see invisible, herbivore 3, speed 3, slow metabolism 2
a: Evoke Berserk Rage


You were on level 6 of the Dungeon.
You were not hungry.

You visited 2 branches of the dungeon, and saw 7 of its levels.
You also visited: Sewer.

You collected 320 gold pieces.

Inventory:

Hand Weapons
 a - a +2 dagger
 b - a +0 blowgun
 l - a +3 dagger of flaming (weapon)
 C - a +3 dagger
 D - a +4 short sword
 Q - a +1 short sword of venom
Missiles
 e - 53 poisoned needles
 f - 2 curare-tipped needles
 h - 118 stones (quivered)
 i - 90 bolts
 n - 70 arrows
 o - 42 sling bullets
 E - 2 javelins
 G - 9 large rocks
Armour
 c - a +0 robe (worn)
 d - a +0 cloak (worn)
Jewellery
 x - an amulet of rage (around neck)
 N - an uncursed ring of teleportation
Wands
 y - a wand of iceblast (6/15)
 I - a wand of random effects (25/48)
 K - a wand of random effects (20/48)
 O - a wand of acid (6/15)
 T - a wand of lightning (7/15)
Scrolls
 k - 2 scrolls of magic mapping {unknown}
 r - a scroll of remove curse
 s - a scroll of enchant armour {unknown}
 t - 3 scrolls of teleportation
 v - a scroll of recharging {unknown}
 w - 3 scrolls of fog
 B - 2 scrolls of immolation {unknown}
 F - 3 scrolls of amnesia {unknown}
 H - a scroll of blinking {unknown}
 J - 3 scrolls of identify {unknown}
 L - a scroll of fear
Potions
 p - a potion of lignification {unknown}
 q - 2 potions of haste {unknown}
 u - 2 potions of flight {unknown}
 z - a potion of curing
 A - a potion of brilliance {unknown}
 M - a potion of might {unknown}
 P - 2 potions of heal wounds
 R - a potion of agility {unknown}
 S - a potion of invisibility {unknown}
Comestibles
 g - 8 bread rations
 j - 6 fruits
 m - 2 royal jellies


   Skills:
 * Level 3.7 Fighting
 - Level 10.1 Short Blades
 - Level 2.0 Throwing
 - Level 0.5 Armour
 - Level 5.5 Dodging
 - Level 10.0 Stealth
 - Level 0.6 Unarmed Combat
 - Level 1.0 Spellcasting
 - Level 0.2 Evocations


You had 10 spell levels left.
You didn't know any spells.

Dungeon Overview and Level Annotations

Branches:
Dungeon (6/15)             Temple (1/1) D:6

Altars:
Ashenzari
Cheibriados
Elyvilon
Fedhas
Gozag
Kikubaaqudgha
Makhleb
Nemelex Xobeh
Qazlal
Sif Muna
Trog
Uskayaw
Vehumet
Wu Jian
Yredelemnul
Zin
The Shining One

Shops:
D:4 [


Innate Abilities, Weirdness & Mutations

You are very small and have problems with some larger weapons.
You are too small for most types of armour.
You have supernaturally acute eyesight. (SInv)
You are a herbivore.
You cover ground extremely quickly.
You need consume almost no food.


Message History

You hit the quokka. You burn the quokka.
You kill the quokka!
Throwing (i - inventory):
h - 120 stones (quivered)
Press: ? - help, Shift-Dir - straight line, f - orc
Aim: an orc, wearing a leather armour You throw a stone.
The stone hits the orc but does no damage.
The orc priest miscasts a cantrip.
Throwing (i - inventory):
h - 119 stones (quivered)
Press: ? - help, Shift-Dir - straight line, f/p - orc
Aim: an orc, wearing a leather armour You throw a stone.
The stone closely misses the orc.
The orc priest mumbles some strange prayers to Beogh against you.
Beogh smites you!
The orc priest mumbles some strange prayers to Beogh against you.
Beogh smites you!
* * * LOW HITPOINT WARNING * * *
The orc priest invokes the aid of Beogh against you.
Beogh smites you!
You die...

#................##
..#.#.............##
.#.............oo..#
...................#
...............(...#
...............o(..#
...............>o..#
...................#
................@..#
.....#.............#
....)...##..#.#....#
..#.#..####.#.#....#
..#.#..# ####.###.##
......##
#........###
......##
#..........#
.......#
#........###
.......# #.......##


You could see 2 orc priests, an orc wizard and an orc.

Vanquished Creatures
  The ghost of anet the Magician, a novice DEWz of Ashenzari (D:5)
  The ghost of cilpolir the Cutter, an amateur MfMo (D:3)
  An ice beast (D:5)
  2 sky beasts (D:6)
  2 ogres (D:6)
  2 phantoms
  A crocodile (Sewer)
  2 scorpions
  A water moccasin skeleton (D:4)
  3 wights
  A crimson imp (D:6)
  3 hounds
  An orc priest (D:3)
  A gnoll shaman (D:5)
  An orc wizard (D:2)
  A centaur skeleton (D:3)
  An iguana (D:6)
  5 worker ants
  A hound zombie (D:5)
  3 hound skeletons
  5 adders
  4 gnolls (D:5)
  2 adder skeletons (D:4)
  2 worms (D:3)
  4 dart slugs
  3 leopard geckos
  16 orcs
  2 ball pythons (D:4)
  7 bats
  5 giant cockroaches
  8 goblins
  5 hobgoblins
  12 jackals
  6 quokkas
  9 frilled lizards
  A jackal skeleton (D:6)
  9 kobolds
  2 leopard gecko skeletons
  2 quokka skeletons
  6 rats
144 creatures vanquished.

Notes
Turn   | Place    | Note
-------+----------+-------------------------------------------
     0 | D:1      | riteheju the Spriggan Assassin began the quest for the Orb.
     0 | D:1      | Reached XP level 1. HP: 10/10 MP: 2/2
    94 | D:1      | Reached XP level 2. HP: 14/14 MP: 3/3
   864 | D:2      | Reached XP level 3. HP: 18/18 MP: 4/4
  1427 | D:2      | Reached XP level 4. HP: 22/22 MP: 5/5
  1812 | D:3      | Noticed cilpolir's ghost (amateur MfMo)
  2049 | D:3      | Found a bloodstained altar of Trog.
  2291 | D:3      | Reached XP level 5. HP: 22/25 MP: 6/6
  2765 | D:3      | Killed cilpolir's ghost
  2765 | D:3      | Reached skill level 5 in Dodging
  2765 | D:3      | Reached XP level 6. HP: 17/30 MP: 7/7
  3023 | D:3      | Found a snail-covered altar of Cheibriados.
  3024 | D:3      | Found a burning altar of Makhleb.
  3108 | D:4      | Found Geanoiq's Antique Armour Shoppe.
  3334 | D:4      | Reached skill level 5 in Short Blades
  3334 | D:4      | Reached XP level 7. HP: 33/33 MP: 8/8
  3764 | D:4      | Found a basalt altar of Yredelemnul.
  3787 | D:4      | Reached skill level 10 in Stealth
  3948 | D:5      | Entered Level 5 of the Dungeon
  3957 | D:5      | Noticed anet's ghost (novice DEWz)
  4116 | D:5      | Killed anet's ghost
  4116 | D:5      | Reached XP level 8. HP: 37/37 MP: 9/9
  4152 | D:5      | Found a white marble altar of Elyvilon.
  4173 | D:5      | Found a glowing drain.
  4185 | Sewer    | Entered a sewer
  5352 | D:6      | Reached skill level 10 in Short Blades
  5419 | D:6      | Reached skill level 1 in Spellcasting
  5750 | D:6      | Found a staircase to the Ecumenical Temple.
  5831 | D:6      | Reached XP level 9. HP: 44/44 MP: 11/11
  5878 | Temple   | Entered the Ecumenical Temple
  6097 | D:6      | HP: 1/45 [orc priest/divine providence (13)]
  6098 | D:6      | Killed from afar by an orc priest

Vault maps used:
D:1:      sevenhm_arrival_forest_fort_small_5
D:2:      minmay_pentomino_z2
D:3:      gammafunk_temple_overflow_statue, lemuel_round_altar
D:4:      nicolae_overflow_hidden_temple, serial_shops, nicolae_shop_waterfront,
          yredelemnul_altar_generic
D:5:      lemuel_crystal_altar, cheibrodos_sewer_entry_drain, first_bread
D:6:      minmay_temple_entry_statues_fountains
Temple:   cyrus_circular_temple
Sewer:    sewer_the_crocodile

Skill      XL: |  1  2  3  4  5  6  7  8 |
---------------+-------------------------+-----
Stealth        | 6 7 8 9 10 | 10.0
Dodging        | 2 3 4 5 |  5.5
Short Blades   | 3 4 5 8 10 | 10.1
Spellcasting   | 1 |  1.0
Fighting       | 3 |  3.7
Throwing       | |  2.0
Armour         | |  0.5
Unarmed Combat | |  0.6
Evocations     | |  0.2

Action                   |  1- 3 |  4- 6 |  7- 9 || total
-------------------------+-------+-------+-------++-------
Melee: Dagger            |   128 |    96 |   284 ||   508
Throw: Stone             |     1 |       |    59 ||    60
 Abil: Evoke Berserk Rag |       |     2 |     1 ||     3
Evoke: Wand              |       |     1 |     1 ||     2
  Use: Scroll            |       |     6 |     2 ||     8
       Potion            |       |     1 |     1 ||     2
 Stab: Sleeping          |     9 |    16 |    22 ||    47
       Distracted        |       |       |     1 ||     1
  Eat: Bread ration      |       |     1 |       ||     1
Armor: Robe              |    15 |     6 |     7 ||    28
Dodge: Dodged            |   104 |    71 |   140 ||   315

Table legend:
 A = Spawn XP
 B = Non-spawn XP
 C = Spawn XP percentage of total XP
 D = Spawn monster count
 E = Non-spawn monster count
 F = Spawn count percentage of total count
 G = Total turns spent on level
                    A         B        C        D         E        F      G
               +---------+---------+-------+---------+---------+-------+---------
         Total |       0 |    3103 |   0.0 |       0 |     144 |   0.0 |  6098
               +---------+---------+-------+---------+---------+-------+---------
           D:1 |       0 |      38 |   0.0 |       0 |      22 |   0.0 |  1110
           D:2 |       0 |     111 |   0.0 |       0 |      20 |   0.0 |  1051
           D:3 |       0 |     434 |   0.0 |       0 |      26 |   0.0 |   928
           D:4 |       0 |     457 |   0.0 |       0 |      21 |   0.0 |   905
           D:5 |       0 |     964 |   0.0 |       0 |      23 |   0.0 |   896
           D:6 |       0 |     984 |   0.0 |       0 |      26 |   0.0 |   858
         Sewer |       0 |     115 |   0.0 |       0 |       6 |   0.0 |   297
               +---------+---------+-------+---------+---------+-------+---------
